 Dungeon Sprint DCSS version 0.17-a0-1805-g6093636 (webtiles) character file.

713 nuthulu the Fighter (level 7, 0/51 HPs)
             Began as a Gargoyle Berserker on Sept 12, 2015.
             Was a High Priest of Trog.
             Slain by a human
             ... wielding a +0 club
              (11 damage)
             ... in the Dungeon (Sprint III: "The Ten Rune Challenge").
             The game lasted 00:03:22 (1145 turns).

nuthulu the Fighter (Gargoyle Berserker)            Turns: 1145, Time: 00:03:22

Health: 0/51       AC:  9    Str: 21    XL:     7   Next: 69%
Magic:  7/7        EV: 15    Int:  7    God:    Trog [*****.]
Gold:   32         SH:  0    Dex: 11    Spells: 0 memorised, 6 levels left

rFire  . . .     SeeInvis .     a - +0 mace
rCold  . . .     Clarity  .     b - +0 animal skin
rNeg   + . .     SustAt   .     (no shield)
rPois  ∞         Gourm    .     (no helmet)
rElec  +         Spirit   .     j - +0 cloak
rCorr  .         Warding  .     (no gloves)
rMut   .         NoTele   +     (no boots)
MR     ++...                    (no amulet)
Stlth  ++........               (no ring)
                                (no ring)

@: regenerating, very resistant to hostile enchantments, unstealthy
A: claws 1, camouflage 1, negative energy resistance 1, electricity resistance,
unbreathing, petrification resistance, rot immunity, AC +4
a: Burn Spellbooks, Berserk, Trog's Hand, Brothers in Arms, Renounce Religion


You were in the Dungeon.
You worshipped Trog.
Trog was extremely pleased with you.
You were not hungry.

You visited 1 branch You collected 32 gold pieces.

Inventory:

Hand weapons
 a - a +0 mace (weapon)
Armour
 b - a +0 animal skin (worn)
 j - a +0 cloak (worn)
Scrolls
 i - a scroll of blinking
 l - a scroll of holy word
 m - 3 scrolls of remove curse
Potions
 d - a potion of curing
 e - a potion of heal wounds
 f - a potion of haste
 g - 2 potions of magic
 h - a potion of berserk rage
 o - 3 potions of flight
 s - a potion of might


   Skills:
 + Level 9.6 Fighting
 + Level 8.7 Maces & Flails
 + Level 9.2 Armour
 + Level 7.0 Dodging


You had 6 spell levels left.
You didn't know any spells.

Dungeon Overview and Level Annotations

Branches:
Dungeon (1/1)

Altars:
Cheibriados
Elyvilon
Fedhas
Kikubaaqudgha
Okawaru
Sif Muna
Trog
Vehumet
Yredelemnul
Zin
The Shining One


Innate Abilities, Weirdness & Mutations

You are resistant to torment.
Your stone body is resilient (AC +4).
You are immune to poison.
You resist negative energy.
You are resistant to electric shocks.
You can survive without breathing.
You are immune to petrification.
You are immune to rotting.
You have sharp fingernails.
Your skin changes colour to match your surroundings (Stealth).


Message History

The human is lightly wounded.
The human hits you with a club!
* * * LOW HITPOINT WARNING * * *
The human hits you.
* * * LOW HITPOINT WARNING * * *
You hit the human but do no damage.
The human is lightly wounded.
The human misses you. The human hits you.
* * * LOW HITPOINT WARNING * * *
Use which ability?
Your skin crawls.
You feel resistant to hostile enchantments.
You feel slightly more hungry. The human completely misses you.
The human closely misses you. The human hits you but does no damage.
The human hits you but does no damage. The human misses you.
The human hits you with a club.
* * * LOW HITPOINT WARNING * * *
The human hits you with a club!
You die...

▓▓▓▓▓▓▓▓▓ ▓▓▓ ..'.....♣
♣.############ ..#.....♣♣
♣.#___#__[#__# ###....♣.♣
♣.#)..#...#._#
..#....≈♣♣♣♣♣.###+#'###)##
..#.).≈≈♣.....#..........#
.)#..≈≈≈≈.♣.♣.+.@pp......#
#'#..≈≈≈≈≈≈.♣.#...######'#
.)#.≈≈≈≈≈≈....#.⌠.# #...#
..#.≈≈≈≈≈.....#)..# #...#
..#.≈≈≈.......#+### #...#
###...........#)..# #..%+
..............#___# +...#
▓▓▓▓▓▓▓▓▓▓▓▓▓▓▓▓▓▓▓ ▓▓▓▓▓


You could see 2 humans.

Vanquished Creatures
  A deep elf priest (D)
  A shadow (D)
  A necrophage (D)
  A water elemental (D)
  Crazy Yiuf (D)
  A jelly (D)
  Jessica (D)
  A wizard (D)
  A necromancer (D)
  A human (D)
  A kobold demonologist (D)
  An ooze (D)
  2 rats (D)
14 creatures vanquished.

Vanquished Creatures (others)
  2 draconian scorchers (D)
  A yaktaur (D)
3 creatures vanquished.

Grand Total: 17 creatures vanquished

Notes
Turn   | Place    | Note
--------------------------------------------------------------
     0 | D        | nuthulu the Gargoyle Berserker began the quest for the Orb.
     0 | D        | Reached XP level 1. HP: 14/14 MP: 1/1
    11 | D        | Acquired Trog's second power
   105 | D        | Killed a yaktaur
   108 | D        | Noticed Jessica
   117 | D        | Killed Jessica
   117 | D        | Reached skill level 4 in Fighting
   117 | D        | Reached XP level 2. HP: 12/20 MP: 2/2
   117 | D        | Reached XP level 3. HP: 14/24 MP: 3/3
   156 | D        | Killed a white draconian scorcher
   200 | D        | Killed a white draconian scorcher
   260 | D        | Reached skill level 5 in Fighting
   361 | D        | Noticed Crazy Yiuf
   367 | D        | Killed Crazy Yiuf
   367 | D        | Reached skill level 5 in Maces & Flails
   367 | D        | Reached XP level 4. HP: 31/31 MP: 4/4
   499 | D        | Noticed a water elemental
   504 | D        | Killed a water elemental
   504 | D        | Reached skill level 6 in Fighting
   504 | D        | Reached skill level 5 in Armour
   504 | D        | Reached XP level 5. HP: 36/37 MP: 5/5
   601 | D        | Found a radiant altar of Vehumet.
   602 | D        | Found a deep blue altar of Sif Muna.
   602 | D        | Found an ancient bone altar of Kikubaaqudgha.
   602 | D        | Noticed a wizard
   612 | D        | Killed a wizard
   612 | D        | Acquired Trog's third power
   664 | D        | Found a glowing silver altar of Zin.
   664 | D        | Found a glowing golden altar of the Shining One.
   664 | D        | Found a white marble altar of Elyvilon.
   665 | D        | Noticed a deep elf priest
   679 | D        | Killed a deep elf priest
   679 | D        | Reached skill level 8 in Fighting
   679 | D        | Reached XP level 6. HP: 7/45 MP: 6/6
   763 | D        | Gained mutation: Scrolls take you a little longer to read. [potion of mutation]
   763 | D        | Gained mutation: Your skin changes colour to match your surroundings (Stealth). [potion of mutation]
   763 | D        | Gained mutation: Your body sometimes deteriorates upon taking damage. [potion of mutation]
   764 | D        | Gained mutation: You have sharp fingernails. [potion of mutation]
   764 | D        | Gained mutation: You are frail (-10% HP). [potion of mutation]
   765 | D        | Lost mutation: You are frail (-10% HP). [potion of cure mutation]
   765 | D        | Lost mutation: Scrolls take you a little longer to read. [potion of cure mutation]
   765 | D        | Lost mutation: Your body sometimes deteriorates upon taking damage. [potion of cure mutation]
   907 | D        | Found a basalt altar of Yredelemnul.
   907 | D        | Found a snail-covered altar of Cheibriados.
   907 | D        | Found a blossoming altar of Fedhas.
   907 | D        | Noticed a necrophage
   907 | D        | Noticed a necromancer
   908 | D        | Killed a necromancer
   926 | D        | Killed a necrophage
   926 | D        | Reached XP level 7. HP: 47/50 MP: 7/7
   941 | D        | Noticed a jelly
   945 | D        | Noticed a shadow
   966 | D        | HP: 1/50 [something (21)]
   978 | D        | Killed a shadow
   978 | D        | Reached skill level 9 in Fighting
   980 | D        | Killed a jelly
  1121 | D        | Found an iron altar of Okawaru.
  1121 | D        | Found a bloodstained altar of Trog.
  1121 | D        | Noticed a human
  1122 | D        | Noticed a human
  1145 | D        | Slain by a human

Vault maps used:
D:        dungeon_sprint_mu

Action                   |  1- 3 |  4- 6 |  7- 9 || total
-------------------------+-------+-------+-------++-------
Melee: Mace              |    21 |    43 |    28 ||    92
Invok: Berserk           |     2 |     3 |     1 ||     6
       Trog's Hand       |       |     2 |     2 ||     4
       Burn Spellbooks   |       |     1 |       ||     1
  Use: Scroll            |       |     3 |       ||     3
       Potion            |       |     4 |       ||     4
 Stab: Sleeping          |       |       |     1 ||     1
  Eat: Bread ration      |       |     1 |     1 ||     2
       Royal jelly       |       |     1 |       ||     1
